 Dungeon Crawl Stone Soup version 0.32-a0-460-gc8eefc9 (webtiles) character file.

Game seed: 8790642040058088636

360 Remcycle the Chopper (level 6, -2/47 HPs)
             Began as a Formicid Fighter on Feb 23, 2024.
             Was a Believer of Vehumet.
             Killed by divine providence
             ... invoked by an orc priest
              (8 damage)
             ... on level 3 of the Dungeon.
             The game lasted 00:09:40 (2914 turns).

Remcycle the Chopper (Formicid Fighter)             Turns: 2914, Time: 00:09:40

Health: -2/47      AC:  9    Str: 20    XL:     6   Next: 98%
Magic:  6/6        EV:  9    Int:  8    God:    Vehumet [**....]
Gold:   101        SH:  5    Dex: 15    Spells: 5/5 levels left

rFire   . . .        a - +0 war axe
rCold   . . .        c - +0 buckler
rNeg    . . .        b - +0 scale mail
rPois   .            (helmet unavailable)
rElec   .            (no cloak)
rCorr   .            p - +1 pair of gloves {hurl}
SInv    +            (no boots)
Will    .....        (no amulet) Stlth
                     (no ring)
HPRegen 0.27/turn    (no ring)
MPRegen 0.10/turn

%: no passive effects
@: no status effects
A: permanent stasis, dig shafts and tunnels, antennae 3, four strong arms
a: Dig, Shaft Self, Renounce Religion


You were on level 3 of the Dungeon.
You worshipped Vehumet.
Vehumet was pleased with you.
You visited 1 branch of the dungeon, and saw 3 of its levels.
You also visited: Sewer.

You collected 164 gold pieces.
You spent 63 gold pieces at shops.

Inventory:

Hand Weapons
 a - a +0 war axe (weapon)
Armour
 b - a +0 scale mail (worn)
 c - a +0 buckler (worn)
 p - a +1 pair of gloves of hurling (worn)
Scrolls
 f - 2 scrolls of immolation {unknown}
 h - 5 scrolls of identify {unknown}
 j - a scroll of noise {unknown}
 k - a scroll of poison {unknown}
 l - 3 scrolls of teleportation {unknown}
 n - a scroll of acquirement {unknown}
Potions
 d - 2 potions of might
 e - a potion of attraction {unknown}
 g - 2 potions of curing {unknown}
 i - 3 potions of haste {unknown}
 m - a potion of magic {unknown}
 o - a potion of heal wounds {unknown}
 q - a potion of degeneration {unknown}


   Skills:
 - Level 3.2 Fighting
 + Level 6.9 Axes
 - Level 3.2 Armour
 - Level 4.0 Shields


You had 5 spell levels left.
You didn't know any spells.
Your spell library contained the following spells:

 Spells                   Type           Power      Damage    Failure   Level
 Volatile Blastmotes      Fire/Tloc      0%         2d10      99%         3
 Ensorcelled Hibernation  Hex/Ice        0%         N/A       93%         2
 Passwall                 Erth           0%         N/A       99%         3
 Swiftness                Air            Unusable   N/A       N/A         3

Dungeon Overview and Level Annotations

Branches:
Dungeon (3/15)              Sewer (visited)

Altars:
Ashenzari
Nemelex Xobeh
Vehumet
Xom

Shops:
D:1 *


Innate Abilities, Weirdness & Mutations

You cannot be hasted, slowed, berserked, paralysed or teleported.
You can dig through walls and to a lower floor.
You have a pair of large antennae on your head. (SInv)
Your four strong arms can wield two-handed weapons with a shield.


Message History

You barely miss the orc. The orc closely misses you.
You slash the orc!
You kill the orc!
Vehumet accepts your kill.
You closely miss the orc.
The orc wizard gestures wildly while chanting.
The orc wizard flickers and vanishes for a moment.
You block the orc's attack.
You hit the orc but do no damage.
The orc priest invokes the aid of Beogh against you.
Beogh smites you! The orc closely misses you.
You closely miss the orc.
The orc priest mumbles some strange prayers to Beogh against you.
Beogh smites you! The orc barely misses you.
You are too injured to fight recklessly!
You are too injured to fight recklessly!
You are too injured to fight recklessly!
You are too injured to fight recklessly!
You closely miss the orc.
The orc priest calls down the wrath of Beogh upon you.
Beogh smites you!
* * * LOW HITPOINT WARNING * * *
The orc hits you but does no damage. The orc closely misses you.
The orc priest barely misses you.
You closely miss the orc. The orc priest barely misses you.
The orc closely misses you.
You hit the orc.
The orc is heavily wounded.
The orc priest miscasts a cantrip.
The orc hits you but does no damage.
You completely miss the orc.
The orc is heavily wounded.
The orc priest barely misses you. The orc hits you with a +0 whip.
* * * LOW HITPOINT WARNING * * *
You slash the orc!
You kill the orc!
Vehumet accepts your kill.
The orc priest mumbles some strange prayers to Beogh against you.
Beogh smites you!
You die...

#########.#####.#
#..
....<...........#
#.%
#########.#######
#.. ## #.# #.. .#
#.# ##. .# #.# #.
.# #.####### #.
.#
#...†...########
#. .#
#######.@)oo....
#. .# ##########
.# .#


You could see an orc priest and an orc wizard (invisible).

Vanquished Creatures
  2 bullfrogs (Sewer)
  2 bombardier beetles (D:3)
  Robin (D:2)
  3 adders
  9 dart slugs
  5 ribbon worms
  3 orcs (D:3)
  8 bats
  5 endoplasms
  10 giant cockroaches
  9 goblins
  10 hobgoblins
  5 kobolds
  2 quokkas (D:3)
  11 ball pythons
  15 frilled lizards
  5 rats
105 creatures vanquished.

Notes
Turn   | Place    | Note
-------+----------+-------------------------------------------
     0 | D:1      | Remcycle the Formicid Fighter began the quest for the Orb.
     0 | D:1      | Reached XP level 1. HP: 18/18 MP: 1/1
   101 | D:1      | Reached XP level 2. HP: 24/24 MP: 2/2
   194 | D:1      | Found a transporter.
   196 | D:1      | Found Nixecrum's Assorted Antiques.
   249 | D:1      | Reached skill level 3 in Axes
   407 | D:1      | Found a transporter.
   434 | D:1      | Reached XP level 3. HP: 29/29 MP: 3/3
   664 | D:1      | Bought a scroll labelled UNGARPH WYSCHIT for 21 gold pieces
   664 | D:1      | Bought a scroll labelled LEMOAP BANNOEMO for 21 gold pieces
   664 | D:1      | Bought a scroll labelled LISCHI CELOANO for 21 gold pieces
   853 | D:2      | Noticed Robin
   862 | D:2      | Reached skill level 4 in Axes
   862 | D:2      | Reached XP level 4. HP: 18/35 MP: 4/4
   863 | D:2      | Killed Robin
  1015 | D:2      | Found a sparkling altar of Nemelex Xobeh.
  1059 | D:2      | Found a faded altar of an unknown god.
  1291 | D:2      | Prayed at the altar of an unknown god.
  1291 | D:2      | Became a worshipper of Vehumet
  1291 | D:2      | Reached * piety under Vehumet
  1291 | D:2      | Offered knowledge of Sting by Vehumet.
  1359 | D:3      | Reached skill level 5 in Axes
  1359 | D:3      | Reached XP level 5. HP: 25/41 MP: 5/5
  1686 | D:3      | Reached ** piety under Vehumet
  1686 | D:3      | Offered knowledge of Kiss of Death by Vehumet.
  1710 | D:3      | Found a glowing drain.
  1714 | Sewer    | Entered a sewer
  1984 | Sewer    | Noticed a bullfrog
  1985 | Sewer    | Noticed a bullfrog
  1996 | Sewer    | Killed a bullfrog
  1997 | Sewer    | Reached skill level 6 in Axes
  1997 | Sewer    | Reached XP level 6. HP: 33/47 MP: 6/6
  2000 | Sewer    | Offered knowledge of Volatile Blastmotes by Vehumet.
  2716 | D:3      | Found a shimmering altar of Xom.
  2721 | D:3      | Found a broken altar of Ashenzari.
  2914 | D:3      | Killed from afar by an orc priest

Illustrated notes

Levels and vault maps discovered:
D:1:      lightli_molten_gateway, layout_basic, serial_shops,
          nicolae_shop_drivethru, minivault_23
D:2:      layout_rooms, basic_altar, basic_ecumenical_altar,
          corexii_hall_statues_l, nrook_campfire, uniq_robin
D:3:      minmay_spotlight, layout_loops_ring, nicolae_overflow_hidden_temple,
          mainiacjoe_sewer_entry_somewhere_in_here_2

Skill      XL: |  1  2  3  4  5 |
---------------+----------------+-----
Axes           | 3 4 5 6 |  6.9
Fighting       | |  3.2
Armour         | |  3.2
Shields        | |  4.0

Action                     |  1- 3 |  4- 6 || total
---------------------------+-------+-------++-------
  Melee: War axe           |    79 |   225 ||   304
    Use: Potion            |     1 |       ||     1
 Armour: Scale mail        |    70 |   170 ||   240
  Dodge: Dodged            |    32 |   122 ||   154
  Block: Buckler           |    12 |    60 ||    72

Table legend: (Time is in decaauts)
 A = Elapsed time spent in this place.
 B = Non-inter-level travel time spent in this place.
 C = Inter-level travel time spent in this place.
 D = Time resting spent in this place.
 E = Time spent auto-exploring this place.
 F = Levels seen in this place.
 G = Mean time per level.
                   A        B        C        D        E       F      G
               +--------+--------+--------+--------+--------+-----+--------+
         Total |   3137 |   3003 |    134 |    405 |   1567 |   4 |  784.2 |
       Dungeon |   2211 |   2077 |    134 |    287 |   1261 |   3 |  737.0 |
         Sewer |    925 |    925 |      0 |    118 |    306 |   1 |  925.0 |
               +--------+--------+--------+--------+--------+-----+--------+

Top non-repeatable levels by time:
   Sewer: 925 daAuts
     D:3: 862 daAuts
     D:1: 701 daAuts
     D:2: 647 daAuts
